AoeStats
← krodie1029

Arena

509884880Analyzed
1v1 RM · 3d ago on Sep 28, 2026· 47m 36s· 2 players
Game mode
Random Map
Map size
Tiny (2 player)
Population
200
Speed
Normal
Resources
Standard
Victory
Conquest
Starting age
Dark Age
Ending age
Imperial Age
RankedLock teamsTeams togetherTeam positionsShared explorationLock speedFull tech treeHidden civsTurbo modeCheats
Victory
Defeat
🇷🇴 Bohemians · Romania
758
+13
🇨🇴 Spanish · Colombia
697
-13
VM
10:55 Feudal Age
11:30 Horse Collar
11:38 Double-Bit Axe
12:32 Wheelbarrow
19:18 Castle Age
20:26 Hand Cart
20:30 Bow Saw
20:23 Heavy Plow
28:21 Fletching
28:42 Forging
28:33 Padded Archer Armor
28:33 Scale Mail Armor
31:06 Iron Casting
30:26 Bodkin Arrow
31:06 Leather Archer Armor
30:16 Pikeman
30:58 Squires
33:40 Imperial Age
33:04 Chemistry
32:25 Ballistics
32:03 Murder Holes
32:18 Masonry
32:41 Chain Mail Armor
33:55 Wagenburg Tactics
34:09 Houfnice
35:10 Siege Engineers
35:08 Bracer
35:06 Arson
36:43 Two-Man Saw
35:40 Town Watch
35:41 Elite Skirmisher
37:43 Halberdier
41:05 Town Patrol
41:47 Conscription
43:56 Blast Furnace
43:26 Plate Mail Armor
43:27 Ring Archer Armor
krodie1029
12:46 Feudal Age
13:13 Double-Bit Axe
13:11 Horse Collar
15:05 Wheelbarrow
14:43 Gold Mining
15:57 Bloodlines
19:52 Castle Age
18:40 Scale Barding Armor
19:03 Forging
19:23 Stone Mining
20:47 Bow Saw
21:54 Heavy Plow
24:10 Husbandry
30:22 Hand Cart
30:33 Chain Barding Armor
30:49 Iron Casting
36:15 Imperial Age
37:25 Conscription
36:33 Cavalier
39:25 Chemistry
38:46 Ballistics
38:22 Murder Holes
Connection lost

Rejoining the realm…

Still unreachable

The connection could not be restored.

Session expired

The server has moved on; the page needs a fresh start.